 Dungeon Crawl Stone Soup version 0.26-a0-812-g31a745ddcd (webtiles) character file.

Game seed: 14362645088140467637

693 Borgoz the Slasher (level 7, 0/60 HPs)
             Began as a Ghoul Monk on Dec 8, 2020.
             Slain by a centaur (5 damage)
             ... on level 5 of the Dungeon.
             The game lasted 00:07:24 (6003 turns).

Borgoz the Slasher (Ghoul Monk)                     Turns: 6003, Time: 00:07:25

Health: 0/60       AC:  9    Str: 15    XL:     7   Next: 64%
Magic:  6/6        EV: 11    Int:  5    God:
Gold:   251        SH:  0    Dex: 13    Spells: 6/6 levels left

rFire    . . .     SeeInvis .   a - +0 falchion
rCold    + . .     Faith    .   (no shield)
rNeg     + + +     Spirit   .   j - +0 scale mail
rPois    ∞         Reflect  .   r - +0 helmet
rElec    .         Harm     .   l - scarf {shadows}
rCorr    .         Rampage  .   (no gloves)
MR       .....                  f - +0 pair of boots
Stlth    +.........             (no amulet)
HPRegen  0.00/turn              (no ring)
MPRegen  0.10/turn              (no ring)

@: hasted, very quick
A: rotting body, claws 1, cold resistance 1, negative energy resistance 3,
inhibited regeneration, torment resistance, unbreathing
a: no special abilities


You were on level 5 of the Dungeon.
You visited 1 branch of the dungeon, and saw 5 of its levels.
You also visited: Sewer.

You collected 251 gold pieces.

Inventory:

Hand Weapons
 a - a +0 falchion (weapon)
Armour
 f - a +0 pair of boots (worn)
 j - a +0 scale mail (worn)
 l - a scarf of shadows (worn)
 r - a +0 helmet (worn)
Scrolls
 g - 4 scrolls of remove curse
 m - 4 scrolls of teleportation
Potions
 d - a potion of magic
 e - 3 potions of flight
 p - a potion of haste


   Skills:
 + Level 4.9 Fighting
 * Level 5.0 Long Blades
 * Level 4.0 Armour
 + Level 4.0 Dodging
 - Level 2.1 Stealth


You had 6 spell levels left.
You didn't know any spells.
Your spell library contained the following spells:

 Spells                   Type           Power        Failure   Level
 Summon Small Mammal      Summ           #...         89%         1
 Call Imp                 Summ           #.......     96%         2
 Call Canine Familiar     Summ           #.......     99%         3
 Summon Guardian Golem    Hex/Summ       #.......     99%         3
 Summon Ice Beast         Ice/Summ       #.......     100%        4
 Summon Lightning Spire   Summ/Air       #.......     100%        4


Dungeon Overview and Level Annotations

Branches:
Dungeon (5/15)              Sewer (visited)
 Temple: D:4-7

Altars:
Uskayaw
Xom


Innate Abilities, Weirdness & Mutations

Your body is rotting away.
You thrive by killing the living.
You are immune to poison.
You have sharp fingernails.
Your flesh is cold resistant. (rC+)
You are immune to negative energy. (rN+++)
You do not regenerate when monsters are visible.
You are immune to unholy pain and torment.
You can survive without breathing.


Message History

You feel better.
Your Armour skill increases to level 4!
The centaur barely misses you.
You riposte.
You hit the centaur.
The centaur is lightly wounded.
You hit the centaur.
The centaur is moderately wounded.
The adder skeleton bites you but does no damage.
The centaur hits you but does no damage.
You hit the centaur but do no damage.
The centaur is moderately wounded.
The centaur hits you but does no damage.
The adder skeleton bites you but does no damage.
You completely miss the centaur.
The centaur is moderately wounded.
The centaur hits you but does no damage.
The adder skeleton bites you but does no damage.
You hit the centaur but do no damage.
The centaur is moderately wounded.
The centaur hits you.
You die...

#.[.!... ##
#.$..... ...
#....... ...###
#........ #.....
#.........
#.....##.Z........
...(...(@c.......#
....#†...........
.. ####..........
#...$.........
#..............
#.........###.
#...#....#.####
.......###(...#
.....#....#..##


You could see a centaur and an adder skeleton.

Vanquished Creatures
  An ogre (D:4)
  2 big kobolds (Sewer)
  A scorpion (D:5)
  A howler monkey (D:5)
  An orc wizard (D:3)
  An orc priest (D:4)
  Jessica (D:2)
  An iguana (D:4)
  A worker ant (D:4)
  A hound skeleton (D:4)
  Robin (D:4)
  A river rat (Sewer)
  6 adders
  4 oozes
  3 worms
  16 orcs
  4 giant cockroaches
  21 goblins
  12 hobgoblins
  3 jackals (D:3)
  A quokka (D:4)
  3 ball pythons
  8 bats
  9 frilled lizards
  13 kobolds
  18 rats
134 creatures vanquished.

Notes
Turn   | Place    | Note
-------+----------+-------------------------------------------
     0 | D:1      | Borgoz the Ghoul Monk began the quest for the Orb.
     0 | D:1      | Reached XP level 1. HP: 19/19 MP: 0/0
   120 | D:1      | Reached XP level 2. HP: 26/26 MP: 1/1
   518 | D:1      | Reached skill level 3 in Long Blades
   569 | D:1      | Reached skill level 1 in Armour
   673 | D:1      | Reached XP level 3. HP: 29/31 MP: 2/2
  1422 | D:2      | Noticed Jessica
  1435 | D:2      | Killed Jessica
  1435 | D:2      | Reached XP level 4. HP: 32/40 MP: 3/3
  2059 | D:2      | Found a shimmering altar of Xom.
  2437 | D:3      | Reached XP level 5. HP: 36/46 MP: 4/4
  2822 | D:3      | Found a hide-covered altar of Uskayaw.
  3310 | D:4      | Found a glowing drain.
  3323 | D:4      | Reached skill level 4 in Long Blades
  3464 | Sewer    | Entered a sewer
  3507 | Sewer    | Noticed a big kobold
  3535 | Sewer    | Killed a big kobold
  3535 | Sewer    | Reached XP level 6. HP: 30/52 MP: 5/5
  4757 | D:4      | Noticed Robin
  4798 | D:4      | Killed Robin
  4798 | D:4      | Reached XP level 7. HP: 41/60 MP: 6/6
  5099 | D:4      | HP: 1/60 [orc/+0 trident (5)]
  5926 | D:5      | Entered Level 5 of the Dungeon
  5980 | D:5      | Reached skill level 5 in Long Blades
  5995 | D:5      | HP: 2/60 [howler monkey (2)]
  6003 | D:5      | Slain by a centaur

Illustrated notes

Levels and vault maps discovered:
D:1:      heliophobic_arrival_battle_scene, layout_basic,
          chequers_serial_rivers_room_b, hangedman_feature_mirror
D:2:      layout_loops_ring, lemuel_coloured_pillars_altar, uniq_jessica
D:3:      layout_loops_cross, overflow_temple_1_default
D:4:      layout_basic, portal_sewer_entry_a, uniq_robin
D:5:      layout_cave_pools, tgw_sif, temple_hall

Skill      XL: |  1  2  3  4  5  6  7 |
---------------+----------------------+-----
Long Blades    | 3 4 5 |  5.0
Armour         | 1 2 3 4 |  4.0
Dodging        | 3 4 |  4.0
Fighting       | 4 |  4.9
Stealth        | |  2.1

Action                   |  1- 3 |  4- 6 |  7- 9 || total
-------------------------+-------+-------+-------++-------
Melee: Falchion          |   101 |   453 |   112 ||   666
  Use: Scroll            |       |     3 |     3 ||     6
       Potion            |       |     3 |    10 ||    13
 Stab: Sleeping          |     2 |       |       ||     2
Armor: Robe              |    16 |     6 |       ||    22
       Scale mail        |       |   160 |    51 ||   211
Dodge: Dodged            |    80 |   244 |    69 ||   393
       Rpst.: Falchion   |    31 |    87 |    27 ||   145

Table legend: (Time is in decaauts)
 A = Elapsed time spent in this place.
 B = Non-inter-level travel time spent in this place.
 C = Inter-level travel time spent in this place.
 D = Time resting spent in this place.
 E = Time spent auto-exploring this place.
 F = Levels seen in this place.
 G = Mean time per level.
                   A        B        C        D        E       F      G
               +--------+--------+--------+--------+--------+-----+--------+
         Total |   6140 |   5991 |    149 |   1445 |   3133 |   6 | 1023.3 |
       Dungeon |   5003 |   4854 |    149 |    983 |   2856 |   5 | 1000.6 |
         Sewer |   1137 |   1137 |      0 |    462 |    277 |   1 | 1137.0 |
               +--------+--------+--------+--------+--------+-----+--------+

Top non-repeatable levels by time:
     D:4: 1685 daAuts
     D:1: 1231 daAuts
   Sewer: 1137 daAuts
     D:2: 1062 daAuts
     D:3: 947 daAuts
     D:5: 76 daAuts
